 Dungeon Crawl Stone Soup version 0.29-a0-330-g52719c12eb (webtiles) character file.

Game seed: 17886543376486045005

12145 Ajdolov the Spear-Bearer (level 11, -8/90 HPs)
             Began as a Barachi Ice Elementalist on Apr 23, 2022.
             Was an Elder of Cheibriados.
             Mangled by a freezing wraith (9 damage)
             ... on level 10 of the Dungeon.
             The game lasted 00:27:07 (14160 turns).

Ajdolov the Spear-Bearer (BaIE)                    Turns: 14160, Time: 00:27:08

Health: -8/90      AC:  5    Str: 18    XL:     11   Next: 88%
Magic:  16/16      EV: 12    Int: 30    God:    Cheibriados [****..]
Gold:   803        SH:  5    Dex: 24    Spells: 7/14 levels left

rFire   + . .      SeeInvis .   D - +3 spear of the End of Times {vorpal, rElec rCorr Dex+3}
rCold   + . .      Faith    .   (no shield)
rNeg    . . .      Spirit   .   s - +0 swamp dragon scales
rPois   +          Reflect  +   (no helmet)
rElec   +          Harm     .   w - +0 cloak
rCorr   +          Rampage  .   o - +0 pair of gloves
Will    +....                   (no boots)
Stlth   ++........              a - amulet "Goak" {Reflect *Corrode rPois rF+ Regen+ SH+5}
HPRegen 1.05/turn               n - ring of willpower
MPRegen 0.15/turn               t - ring of protection from cold

@: corroded, slowed, studying Bows, very slow
A: amphibious, slowness 1, strong legs 1, +LOS
a: Hop, Renounce Religion, Bend Time, Temporal Distortion, Slouch


You were on level 10 of the Dungeon.
You worshipped Cheibriados.
Cheibriados was greatly pleased with you.
You visited 2 branches of the dungeon, and saw 11 of its levels.

You collected 803 gold pieces.

Inventory:

Hand Weapons
 D - the +3 spear of the End of Times (weapon) {vorpal, rElec rCorr Dex+3}
   (You took it off a gnoll on level 6 of the Dungeon)

   It inflicts extra damage upon your enemies.
   Dex:       It affects your dexterity (+3).
   rElec:     It insulates you from electricity.
   rCorr:     It protects you from acid and corrosion.
Missiles
 N - a curare-tipped dart
Armour
 o - a +0 pair of gloves (worn)
 s - +0 swamp dragon scales (worn)
 w - a +0 cloak (worn)
Jewellery
 a - the amulet "Goak" (around neck) {Reflect *Corrode rPois rF+ Regen+ SH+5}
   (You acquired it on level 9 of the Dungeon)

   [amulet of reflection]

   It reflects blocked missile attacks.
   rF:        It protects you from fire.
   rPois:     It protects you from poison.
   Regen:     It increases your rate of health regeneration.
   *Corrode:  It may corrode you when you take damage.
   SH:        It affects your SH (+5).
 n - a ring of willpower (left hand)
 t - a ring of protection from cold (right hand)
 C - a ring of resist corrosion
 F - a ring of willpower
Wands
 G - a wand of charming (2)
 H - a wand of mindburst (2)
 L - a wand of iceblast (4)
Scrolls
 e - 4 scrolls of teleportation
 f - 2 scrolls of blinking
 k - a scroll of enchant weapon {unknown}
 l - a scroll of fear {unknown}
 m - 4 scrolls of enchant armour
 q - 2 scrolls of silence
 y - a scroll of magic mapping {unknown}
 z - 3 scrolls of fog
 A - 2 scrolls of brand weapon
 I - a scroll of noise {unknown}
 J - a scroll of holy word {unknown}
 M - a scroll of vulnerability {unknown}
Potions
 b - 3 potions of magic
 d - 2 potions of invisibility
 g - a potion of curing
 h - 3 potions of brilliance
 j - 4 potions of lignification
 p - a potion of resistance {unknown}
 r - 2 potions of might
 u - 2 potions of flight
 B - a potion of haste {unknown}
 E - a potion of mutation
 K - a potion of attraction {unknown}


   Skills:
 - Level 10.0 Fighting
 - Level 12.1 Polearms
 - Level 2.1 Dodging
 - Level 1.7 Stealth
 - Level 2.1 Spellcasting
 + Level 11.1 Ice Magic
 * Level 7.1 Invocations


You had 7 spell levels left.
You knew the following spells:

 Your Spells              Type           Power      Damage    Failure   Level
a - Freeze                Ice            100%       1d11      1%          1
b - Frozen Ramparts       Ice            100%       1d12      1%          3
c - Ozocubu's Armour      Ice            63%        N/A       1%          3

Your spell library contained the following spells:

 Spells                   Type           Power      Damage    Failure   Level
 Hailstorm                Conj/Ice       36%        3d9       14%         4
 Blink                    Tloc           6%         N/A       22%         2
 Call Canine Familiar     Summ           3%         N/A       38%         3
 Lesser Beckoning         Tloc           3%         N/A       38%         3
 Portal Projectile        Hex/Tloc       6%         N/A       38%         3
 Tukima's Dance           Hex            3%         N/A       38%         3
 Ozocubu's Refrigeration  Ice            31%        4d11      77%         7
 Anguish                  Hex/Necr       1%         N/A       80%         4
 Leda's Liquefaction      Hex/Erth       1%         N/A       80%         4
 Manifold Assault         Tloc           3%         N/A       98%         5
 Enfeeble                 Hex            1%         N/A       100%        7


Dungeon Overview and Level Annotations

Branches:
Dungeon (10/15)            Temple (1/1) D:5            Lair (0/6) D:9
    Orc (0/2) D:9

Altars:
Ashenzari
Cheibriados
Dithmenos
Elyvilon
Fedhas
Gozag
Hepliaklqana
Kikubaaqudgha
Makhleb
Nemelex Xobeh
Okawaru
Qazlal
Ru
Sif Muna
Trog
Uskayaw
Vehumet
Wu Jian
Xom
Yredelemnul
Zin
The Shining One
Beogh

Shops:
D:9 =

Annotations:
D:8 2 transporters, p0werm0de's ghost, novice VSFi


Innate Abilities, Weirdness & Mutations

You are amphibious.
You cover ground slowly.
You can hop short distances.
You have an extended range of vision and can be seen from far away.


Message History

Your icy armour will break if you move.
Continue?
Your icy armour cracks and falls away as you move.
Found a rapier.
As you read the scroll of blinking, it crumbles to dust.
You feel better.
You feel better.
Aiming: Throw Flame
Press: ? - help, Shift-Dir - straight line, f - freezing wraith
Aim: a freezing wraith (almost destroyed, 68% to hit)
The puff of flame misses the freezing wraith.
Unknown command.
Aiming: Throw Flame
Press: ? - help, Shift-Dir - straight line, f/p - freezing wraith
Aim: a freezing wraith (severely damaged, 68% to hit)
The puff of flame misses the freezing wraith.
The now-empty wand crumbles to dust.
Unknown command.
You don't have any such object.
Evoke which item? (* to show all) (? for menu, Esc to quit)
You don't have any such object.
Evoke which item? (* to show all) (? for menu, Esc to quit)
Okay, then.
Aiming: Mindburst
Press: ? - help, Shift-Dir - straight line, f/p - freezing wraith
Aim: a freezing wraith (severely damaged, chance to affect: 47%)
The freezing wraith resists with some effort.
The freezing wraith misses you. The freezing wraith closely misses you.
The freezing wraith hits you!
* * * LOW HITPOINT WARNING * * *
The freezing wraith freezes you. You resist.
* * * LOW HITPOINT WARNING * * *
The freezing wraith hits you.
* * * LOW HITPOINT WARNING * * *
Aiming: Mindburst
Press: ? - help, Shift-Dir - straight line, f/p - freezing wraith
Aim: a freezing wraith (severely damaged, chance to affect: 47%)
The freezing wraith's mind is blasted!
The freezing wraith hits you!
* * * LOW HITPOINT WARNING * * *
The freezing wraith freezes you! You resist.
You die...

###### ###
#....#.).#
#........##
#.........##
#@..>....... ....
#W#........###..<.
#.#...............
#.#......#.#......
#.#........#......
#.#........#.#....
#)##'##....#......
#.)........#......
####'#............


You could see a freezing wraith.

Vanquished Creatures
  A centaur warrior (D:10)
  2 two-headed ogres
  2 ugly things (D:8)
  A deep elf pyromancer (D:10)
  A cyclops (D:10)
  A manticore (D:10)
  Joseph (D:7)
  A gargoyle (D:10)
  Maggie (D:6)
  An unseen horror (D:9)
  A kobold demonologist (D:10)
  A tengu conjurer (D:10)
  A troll (D:10)
  Prince Ribbit (D:6)
  13 yaks
  5 steam dragons
  2 acid dragons
  5 orc warriors
  A sky beast (D:8)
  3 ice beasts
  3 black bears
  5 ogres
  3 centaurs
  A kobold brigand (D:9)
  3 scorpions
  4 bullfrogs
  4 wights (D:8)
  5 killer bees (D:10)
  5 howler monkeys
  3 orc priests
  3 hounds
  A jelly (D:6)
  A gnoll shaman (D:6)
  2 iguanas
  5 orc wizards
  5 adders
  4 gnolls (D:6)
  3 shadow imps
  4 white imps
  3 ufetubi
  2 worms
  5 dart slugs
  30 orcs
  8 endoplasms
  4 giant cockroaches
  6 goblins
  13 hobgoblins
  4 jackals (D:3)
  3 quokkas
  9 ball pythons
  2 bats
  4 frilled lizards
  10 kobolds
  9 rats
221 creatures vanquished.

Vanquished Creatures (others)
  An ugly thing (D:10)
  An orc priest (D:8)
  2 kobolds (D:9)
  13 fungi (D:9)
  15 plants (D:9)
32 creatures vanquished.

Grand Total: 253 creatures vanquished

Notes
Turn   | Place    | Note
-------+----------+-------------------------------------------
     0 | D:1      | Ajdolov the Barachi Ice Elementalist began the quest for
                  | the Orb.
     0 | D:1      | Reached XP level 1. HP: 13/13 MP: 3/3
    98 | D:1      | Reached skill level 5 in Ice Magic
   283 | D:1      | Reached XP level 2. HP: 15/19 MP: 1/5
   648 | D:1      | Reached XP level 3. HP: 21/24 MP: 4/6
   655 | D:1      | Learned a level 3 spell: Frozen Ramparts
  1748 | D:2      | Reached XP level 4. HP: 30/30 MP: 3/7
  2905 | D:3      | Reached XP level 5. HP: 30/35 MP: 2/8
  3064 | D:3      | Found an ancient bone altar of Kikubaaqudgha.
  3194 | D:3      | Found a blossoming altar of Fedhas.
  3655 | D:3      | Learned a level 3 spell: Ozocubu's Armour
  3708 | D:3      | Found a white marble altar of Elyvilon.
  3903 | D:3      | Found a radiant altar of Vehumet.
  3903 | D:3      | Found a sparkling altar of Nemelex Xobeh.
  3999 | D:4      | Found the +4 dagger "Morg" {pain, Will+ Int+5}
  4161 | D:4      | Noticed a black bear
  4170 | D:4      | Killed a black bear
  4171 | D:4      | Reached XP level 6. HP: 36/41 MP: 2/9
  4878 | D:5      | Entered Level 5 of the Dungeon
  5024 | D:5      | Found a staircase to the Ecumenical Temple.
  5030 | D:5      | Noticed an ice beast
  5042 | D:5      | Killed an ice beast
  5043 | D:5      | Reached skill level 1 in Fighting
  5043 | D:5      | Reached skill level 2 in Polearms
  5043 | D:5      | Reached XP level 7. HP: 39/49 MP: 10/10
  5045 | Temple   | Entered the Ecumenical Temple
  5159 | Temple   | Became a worshipper of Cheibriados the Contemplative
  5447 | D:5      | Reached skill level 3 in Polearms
  6323 | D:6      | Reached skill level 4 in Polearms
  6370 | D:6      | Noticed Maggie
  6385 | D:6      | Killed Maggie
  6386 | D:6      | Reached skill level 5 in Polearms
  6386 | D:6      | Reached XP level 8. HP: 33/61 MP: 5/11
  6606 | D:6      | Reached * piety under Cheibriados
  6709 | D:6      | Noticed Prince Ribbit
  6717 | D:6      | Killed Prince Ribbit
  6718 | D:6      | Reached skill level 5 in Fighting
  6718 | D:6      | Reached skill level 6 in Polearms
  6904 | D:6      | Identified the +3 spear of the End of Times {vorpal, rElec
                  | rCorr Dex+3}
  6959 | D:6      | Noticed a two-headed ogre
  6967 | D:6      | Killed a two-headed ogre
  6968 | D:6      | Reached skill level 8 in Polearms
  6968 | D:6      | Reached XP level 9. HP: 8/71 MP: 5/12
  8162 | D:7      | Found a bloodstained altar of Trog.
  8548 | D:7      | Noticed Joseph
  8569 | D:7      | Killed Joseph
  8570 | D:7      | Reached skill level 9 in Polearms
  9478 | D:8      | Reached XP level 10. HP: 75/81 MP: 6/13
  9554 | D:8      | Reached ** piety under Cheibriados
  9555 | D:8      | Reached skill level 10 in Polearms
  9724 | D:8      | Found an ornate altar of the Wu Jian Council.
  9747 | D:8      | Found a transporter.
  9780 | D:8      | Found a bloodstained altar of Trog.
  9780 | D:8      | Noticed p0werm0de's ghost (novice VSFi)
  9781 | D:8      | Noticed a moth of wrath
  9791 | D:8      | Found a transporter.
  9796 | D:8      | Noticed a two-headed ogre
 10031 | D:8      | Found a shadowy altar of Dithmenos.
 10174 | D:8      | Noticed a green ugly thing
 10176 | D:8      | Noticed a two-headed ogre
 10577 | D:8      | Noticed a cyan ugly thing
 10591 | D:8      | Killed a cyan ugly thing
 10675 | D:8      | Killed a two-headed ogre
 10676 | D:8      | Reached skill level 11 in Polearms
 11262 | D:8      | Killed a green ugly thing
 11592 | D:9      | Reached skill level 10 in Fighting
 11592 | D:9      | Reached skill level 1 in Invocations
 11605 | D:9      | Reached skill level 12 in Polearms
 11607 | D:9      | Reached XP level 11. HP: 85/90 MP: 5/14
 11804 | D:9      | Reached *** piety under Cheibriados
 12025 | D:9      | Found a staircase to the Lair.
 12074 | D:9      | Found a staircase to the Orcish Mines.
 12526 | D:9      | Found Ewugorag's Jewellery Shop.
 12632 | D:9      | Found a sacrificial altar of Ru.
 13359 | D:10     | Entered Level 10 of the Dungeon
 13376 | D:10     | Reached skill level 10 in Ice Magic
 13470 | D:10     | Reached **** piety under Cheibriados
 13551 | D:9      | Identified a scroll of acquirement
 13551 | D:9      | Acquired the amulet "Goak" {Reflect *Corrode rPois rF+
                  | Regen+ SH+5}
 13739 | D:10     | Noticed a cyclops
 13739 | D:10     | Noticed a centaur warrior
 13739 | D:10     | Noticed a manticore
 13739 | D:10     | Noticed a purple ugly thing
 13750 | D:10     | Reached skill level 5 in Invocations
 13750 | D:10     | Killed a centaur warrior
 13755 | D:10     | Killed a cyclops
 13764 | D:10     | Killed a manticore
 13784 | D:10     | Noticed a deep elf pyromancer
 13916 | D:10     | Killed a deep elf pyromancer
 14153 | D:10     | HP: 1/90 [freezing wraith (10)]
 14160 | D:10     | HP: 1/90 [freezing wraith (9)]
 14160 | D:10     | Mangled by a freezing wraith

Illustrated notes

Levels and vault maps discovered:
D:1:      lordsloth_arrival_two_stooges, layout_basic, minmay_misc_feat_encased
D:2:      layout_basic, grunt_decor_arrowhead, chequers_serial_rivers_room_b,
          minmay_close_crescents
D:3:      layout_loops_ring, fedhas_ov_isle_minmay, kiku_gazebo_garden_becter,
          general_overflow_altar, gammafunk_temple_overflow_pools
D:4:      layout_loops_cross, chequers_serial_rivers_room_b
D:5:      layout_cave_pods, minmay_temple_entry_mist, serial_column_ruins,
          column_ruins_square_medium, column_ruins_grid_3,
          column_ruins_columns_corner, column_ruins_open_large,
          column_ruins_columns_dead_end
D:6:      cheibrodos_iron_armory, layout_basic, uniq_prince_ribbit1, uniq_maggie
D:7:      layout_gridville, lemuel_tele_altar, grunt_decor_mini_mirrors,
          uniq_joseph
D:8:      layout_basic, lemuel_round_altar, lemuel_round_altar,
          gammafunk_ghost_wrathful_warriors, minmay_manual_mess
D:9:      layout_loops_ring, nicolae_ru_the_path_less_chosen,
          grunt_lair_entry_orc_guard_hut, minmay_orc_entry_temple_small,
          kennysheep_minor_cross, kb_lookout_dungeons_type, hex_medium,
          minmay_shop_enchanted_jewellery, kennysheep_generic_room_10
D:10:     minmay_curly_fans, layout_basic
Temple:   dshaligram_water_room_temple

Skill      XL: |  1  2  3  4  5  6  7  8  9 10 11 |
---------------+----------------------------------+-----
Ice Magic      | 5 6 7 8 9 11 | 11.1
Fighting       | 1 4 6 8 10 | 10.0
Polearms       | 2 5 8 9 12 | 12.1
Invocations    | 2 7 |  7.1
Dodging        | |  2.1
Stealth        | |  1.7
Spellcasting   | |  2.1

Action                   |  1- 3 |  4- 6 |  7- 9 | 10-12 || total
-------------------------+-------+-------+-------+-------++-------
Melee: Unarmed           |     6 |       |       |       ||     6
       Dagger            |       |    95 |    25 |       ||   120
       Punch             |       |     1 |     1 |     5 ||     7
       Trident           |       |       |    30 |       ||    30
       Spear             |       |       |    64 |   329 ||   393
 Cast: Freeze            |    48 |    11 |       |       ||    59
       Frozen Ramparts   |     1 |    11 |    31 |    42 ||    85
       Ozocubu's Armour  |       |     2 |    15 |    21 ||    38
Invok: Slouch            |       |       |       |     1 ||     1
 Abil: Hop               |       |     2 |       |     5 ||     7
Evoke: Wand              |       |     2 |    10 |    16 ||    28
  Use: Scroll            |       |       |       |    19 ||    19
       Potion            |       |       |       |     3 ||     3
 Stab: Sleeping          |       |     9 |     1 |       ||    10
       Distracted        |       |       |     1 |       ||     1
Armor: Robe              |     6 |    12 |    12 |       ||    30
       Swamp dragon scal |       |       |    19 |    86 ||   105
Dodge: Dodged            |    30 |    73 |    71 |   101 ||   275
Block: Other             |       |       |       |    22 ||    22

Table legend: (Time is in decaauts)
 A = Elapsed time spent in this place.
 B = Non-inter-level travel time spent in this place.
 C = Inter-level travel time spent in this place.
 D = Time resting spent in this place.
 E = Time spent auto-exploring this place.
 F = Levels seen in this place.
 G = Mean time per level.
                   A        B        C        D        E       F      G
               +--------+--------+--------+--------+--------+-----+--------+
         Total |  17605 |  16857 |    748 |   2345 |  11959 |  11 | 1600.5 |
       Dungeon |  17455 |  16729 |    726 |   2345 |  11848 |  10 | 1745.5 |
        Temple |    149 |    127 |     22 |      0 |    111 |   1 |  149.0 |
               +--------+--------+--------+--------+--------+-----+--------+

Top non-repeatable levels by time:
     D:8: 2665 daAuts
     D:9: 2569 daAuts
     D:6: 2372 daAuts
     D:7: 1853 daAuts
     D:2: 1734 daAuts
     D:5: 1605 daAuts
     D:1: 1459 daAuts
     D:3: 1248 daAuts
     D:4: 1002 daAuts
    D:10: 944 daAuts
  Temple: 149 daAuts
